 Dungeon Crawl Stone Soup version 0.19.0-11-g3fc08b3 (console) character file.

7275 Morrissey the Jinx (level 10, -9/48 HPs)
             Began as a Spriggan Enchanter on Nov 9, 2016.
             Killed from afar by an electric eel (12 damage)
             ... with a bolt of electricity
             ... on level 10 of the Dungeon.
             The game lasted 00:31:00 (9053 turns).

Morrissey the Jinx (Spriggan Enchanter)             Turns: 9053, Time: 00:31:01

Health: -9/48      AC:  7    Str:  4    XL:     10   Next: 89%
Magic:  35/36      EV: 25    Int: 24    God:    Xom [*.....]
Gold:   134        SH:  0    Dex: 16    Spells: 4 memorised, 20 levels left

rFire  . . .     SeeInvis +     a - +1 dagger
rCold  . . .     Gourm    .     D - +1 robe {MR+}
rNeg   . . .     Faith    .     (shield restricted)
rPois  .         Spirit   .     q - +2 hat
rElec  .         Reflect  .     i - +0 cloak
rCorr  .         Harm     .     (gloves unavailable)
MR     ++...                    (boots unavailable)
Stlth  +++++.....               s - amulet of magic regeneration
                                E - +3 ring of intelligence
                                B - ring of magical power

@: very quick
A: unfitting armour, see invisible, herbivore 3, speed 3, high mp 1, robust 1,
shaggy fur 1, slow metabolism 2, evolution 1
a: Renounce Religion


You were on level 10 of the Dungeon.
You worshipped Xom.
You were a special plaything of Xom.
You were not hungry.

You visited 1 branch of the dungeon, and saw 10 of its levels.

You collected 608 gold pieces.
You spent 474 gold pieces at shops.

Inventory:

Hand Weapons
 a - a +1 dagger (weapon)
Armour
 i - a +0 cloak (worn)
 q - a +2 hat (worn)
 D - a +1 robe of magic resistance (worn)
Jewellery
 g - an uncursed amulet of regeneration
 s - an amulet of magic regeneration (around neck)
 B - a ring of magical power (left hand)
 E - a +3 ring of intelligence (right hand)
 G - an uncursed ring of protection from fire
 I - a +3 ring of protection {unknown}
 K - a +3 ring of dexterity {unknown}
 M - an uncursed ring of flight {unknown}
 P - an uncursed ring of ice {unknown}
 V - an uncursed ring of stealth {unknown}
Wands
 y - a wand of polymorph (8/24)
 C - a wand of digging (18/24)
 H - a wand of paralysis (5/24)
 S - a wand of slowing (9/48)
 T - a wand of flame (19/48)
 W - a wand of polymorph (18/24)
Scrolls
 b - a scroll of recharging {unknown}
 e - 3 scrolls of identify {unknown}
 f - 2 scrolls of fear {unknown}
 m - 2 scrolls of amnesia {unknown}
 n - 3 scrolls of teleportation {unknown}
 o - 10 scrolls of remove curse {unknown}
 r - a scroll of magic mapping {unknown}
 u - a scroll of random uselessness {unknown}
 v - 2 scrolls of fog {unknown}
 w - a scroll of enchant weapon {unknown}
 z - 2 scrolls of silence {unknown}
 U - a scroll of torment {unknown}
 X - a scroll of brand weapon {unknown}
Potions
 h - 5 potions of degeneration {unknown}
 k - 2 potions of mutation
 l - 4 potions of lignification {unknown}
 p - 3 potions of heal wounds
 t - 3 potions of cancellation
 x - 6 potions of curing
 A - 2 potions of invisibility
 F - 3 potions of might
 L - a potion of beneficial mutation {unknown}
 N - a potion of brilliance {unknown}
 Q - a potion of agility
 R - a potion of resistance
Books
 c - a book of Maledictions

   Spells                             Type                      Level
   a - Corona                         Hexes                        1
   b - Ensorcelled Hibernation        Hexes/Ice                    2
   c - Confuse                        Hexes                        3
   d - Tukima's Dance                 Hexes                        3
   e - Dazzling Spray                 Conjuration/Hexes            3
Comestibles
 d - 4 bread rations
 j - 13 fruits
 J - a royal jelly
 O - 2 slices of pizza


   Skills:
 + Level 6.9 Short Blades
 + Level 9.5 Dodging
 + Level 10.7 Stealth
 + Level 10.0 Spellcasting
 * Level 11.2 Hexes
 + Level 3.1 Ice Magic


You had 20 spell levels left.
You knew the following spells:

 Your Spells              Type           Power        Failure   Level  Hunger
a - Corona                Hex            ######.      1%          1    None
b - Ensorcelled Hibernat  Hex/Ice        #####.       1%          2    None
c - Confuse               Hex            ######..     1%          3    None
d - Dazzling Spray        Conj/Hex       #####.       1%          3    None


Dungeon Overview and Level Annotations

Branches:
Dungeon (10/15)            Temple (0/1) D:6            Lair (0/6) D:10
    Orc (0/2) D:9

Altars:
Cheibriados
Dithmenos
Fedhas
Kikubaaqudgha
Nemelex Xobeh
Ru
Uskayaw
Vehumet
Xom
Yredelemnul
The Shining One

Shops:
D:8 %((!}   D:9 :

Portals:
Trove: D:10 (give 7 scrolls of blinking)


Innate Abilities, Weirdness & Mutations

You are very small and have problems with some larger weapons.
You are too small for most types of armour.
You have supernaturally acute eyesight. (SInv)
You are a herbivore.
You cover ground extremely quickly.
You need consume almost no food.
You have an increased reservoir of magic. (+10% MP)
You are robust. (+10% HP)
You are covered in fur. (AC +1)
You evolve.


Message History

Aiming: Ensorcelled Hibernation
Press: ? - help, Shift-Dir - straight line, f/p - electric eel
Aim: an electric eel (water, confused, chance to defeat MR: 78%)
The electric eel looks drowsy...
The electric eel shoots out a bolt of lightning at you!
The bolt of electricity hits the plant.
The bolt of electricity hits the electric eel.
The electric eel completely resists.
The bolt of electricity hits you!
* * * LOW HITPOINT WARNING * * *
A shower of butterflies erupts from you!
The electric eel shoots out a bolt of lightning at you!
The bolt of electricity hits you!
* * * LOW HITPOINT WARNING * * *
Xom roars with laughter!
You swap places.
The electric eel shoots out a bolt of lightning at you!
The bolt of electricity hits your butterfly.
Your butterfly dies!
The bolt of electricity hits you!
You die...

≈≈≈≈PP≈≈≈≈≈≈≈P≈≈≈≈≈.).....#
≈≈≈≈≈≈≈≈≈≈≈≈≈≈≈≈≈≈P≈.≈.....
P≈≈P≈≈≈≈≈P≈≈≈≈≈≈≈≈≈≈≈≈.≈...
≈)..≈.≈≈≈≈≈≈≈≈≈≈≈≈≈≈P≈P≈...
..........P≈≈.≈≈≈P≈≈≈;≈P≈..
#).##..##....≈≈..≈≈≈≈≈≈≈≈..
...#.....)#.......§§§≈≈≈≈.≈
#..#......#........§;≈≈≈≈PP
#..#......#.....@#.b.≈≈P≈;≈
#).#......#......#...≈P≈≈≈≈
*
#..#......#......'.....#≈≈≈
#..#......#......#.....##≈≈
*,,
#..#......#...>..#....## ≈≈
#..#<....>#......###### **
** ...#......#.........# **
* ...#'######.........# ***
....................#####


You could see 2 electric eels.

Vanquished Creatures
  A death yak (D:10)
  A hill giant (D:10)
  The ghost of cerberus the Vandal, a novice HaHu (D:4)
  A hippogriff (D:8)
  A meliai zombie (D:6)
  6 yaks (D:7)
  2 hungry ghosts (D:7)
  An ice beast (D:3)
  3 necrophages (D:7)
  4 orc warriors (D:9)
  4 ogres
  3 black bears
  A phantom (D:4)
  4 sky beasts
  3 centaurs
  3 bullfrogs
  2 big kobolds
  Blork the orc (D:6)
  A gnoll sergeant (D:10)
  A scorpion (D:5)
  A water moccasin skeleton (D:5)
  7 killer bees
  An electric eel (D:9)
  6 howler monkeys
  3 crimson imps
  A centaur zombie (D:8)
  3 hounds
  A quasit (D:10)
  4 orc priests
  3 bullfrog skeletons
  A centaur skeleton (D:7)
  3 iguanas
  10 orc wizards
  9 worker ants
  2 worker ant zombies
  A gnoll (shapeshifter) (D:8)
  9 adders
  8 gnolls
  5 shadow imps
  A white imp (D:6)
  2 oozes
  2 adder skeletons
  An adder zombie (D:7)
  3 worms
  A dart slug (D:3)
  3 leopard geckos
  29 orcs
  2 ball pythons
  5 bats
  8 giant cockroaches
  12 goblins
  6 hobgoblins
  22 jackals
  3 quokkas
  3 frilled lizards
  3 goblin zombies (D:6)
  3 hobgoblin zombies (D:6)
  9 kobolds
  An orc skeleton (D:6)
  An orc zombie (D:6)
  3 quokka skeletons
  A quokka zombie (D:5)
  5 rats
  A fungus (D:2)
252 creatures vanquished.

Vanquished Creatures (collateral kills)
  An iguana (D:8)
1 creature vanquished.

Vanquished Creatures (others)
  2 killer bees (D:10)
  2 plants (D:10)
4 creatures vanquished.

Grand Total: 257 creatures vanquished

Notes
Turn   | Place    | Note
-------+----------+-------------------------------------------
     0 | D:1      | Morrissey the Spriggan Enchanter began the quest for the Orb.
     0 | D:1      | Reached XP level 1. HP: 9/9 MP: 5/5
   457 | D:2      | Reached XP level 2. HP: 13/13 MP: 6/6
   475 | D:2      | Learned a level 2 spell: Ensorcelled Hibernation
   867 | D:1      | Reached skill level 4 in Hexes
   928 | D:1      | Reached XP level 3. HP: 16/16 MP: 8/8
  1243 | D:2      | Found a hide-covered altar of Uskayaw.
  1539 | D:2      | Learned a level 3 spell: Confuse
  1811 | D:2      | Reached skill level 5 in Stealth
  1980 | D:2      | Found a blossoming altar of Fedhas.
  2042 | D:2      | Reached XP level 4. HP: 20/21 MP: 10/10
  2511 | D:3      | Found a radiant altar of Vehumet.
  2592 | D:3      | Found a shimmering altar of Xom.
  2639 | D:3      | Noticed an ice beast
  2659 | D:3      | Killed an ice beast
  2659 | D:3      | Reached skill level 5 in Hexes
  2659 | D:3      | Reached XP level 5. HP: 24/24 MP: 5/12
  2821 | D:3      | Found a faded altar of an unknown god.
  2832 | D:3      | Became a worshipper of Xom the Random
  2861 | D:3      | XOM: harmless Conj miscast
  2928 | D:4      | XOM: silly message
  2984 | D:4      | Reached XP level 6. HP: 28/28 MP: 4/13
  3082 | D:4      | Noticed cerberus's ghost (novice HaHu)
  3087 | D:4      | XOM: cast spell 'Olgreb's Toxic Radiance'
  3094 | D:4      | Killed cerberus's ghost
  3094 | D:4      | Reached skill level 5 in Dodging
  3094 | D:4      | Reached skill level 5 in Spellcasting
  3094 | D:4      | Reached skill level 6 in Hexes
  3094 | D:4      | Reached XP level 7. HP: 29/32 MP: 3/16
  3397 | D:4      | XOM: divination: detect items
  3452 | D:4      | XOM: 3-stop teleportation journey
  3698 | D:4      | Found a sparkling altar of Nemelex Xobeh.
  3787 | D:4      | XOM is BORED!
  3842 | D:5      | Entered Level 5 of the Dungeon
  3884 | D:5      | Reached skill level 7 in Hexes
  3928 | D:5      | XOM: 2-stop teleportation journey
  4110 | D:5      | Reached XP level 8. HP: 22/36 MP: 5/18
  4328 | D:6      | Found a basalt altar of Yredelemnul.
  4348 | D:6      | Found a glowing golden altar of the Shining One.
  4560 | D:6      | XOM: confuse monster(s)
  4562 | D:6      | Found a staircase to the Ecumenical Temple.
  4566 | D:6      | XOM: god gift: fuming amethyst potion {god gift}
  4675 | D:6      | XOM: give mutations
  4675 | D:6      | Gained mutation: You evolve. [Xom's grace]
  4675 | D:6      | Gained mutation: You have an increased reservoir of magic. (+10% MP) [Xom's grace]
  4675 | D:6      | Gained mutation: You are robust. (+10% HP) [Xom's grace]
  4709 | D:6      | XOM: divination: magic mapping
  4721 | D:6      | Noticed Blork the orc
  4757 | D:6      | Reached skill level 8 in Hexes
  4762 | D:6      | Killed Blork the orc
  4842 | D:6      | Found an ancient bone altar of Kikubaaqudgha.
  4978 | D:5      | Learned a level 3 spell: Dazzling Spray
  5047 | D:5      | XOM: divination: detect items
  5306 | D:5      | Reached XP level 9. HP: 42/42 MP: 23/23
  5431 | D:5      | Gained mutation: You are covered in fur. (AC +1) [evolution]
  5532 | D:5      | XOM: god gift: meat ration
  5623 | D:5      | XOM: harmless Fire miscast
  5856 | D:5      | XOM: harmless Air miscast
  5987 | D:7      | XOM: mild Tloc miscast
  5993 | D:7      | Reached skill level 1 in Ice Magic
  6002 | D:7      | XOM: noise
  6015 | D:7      | XOM: potion effect (heal wounds)
  6024 | D:7      | Reached skill level 9 in Hexes
  6029 | D:7      | Reached skill level 5 in Short Blades
  6040 | D:7      | XOM: cast spell 'Olgreb's Toxic Radiance'
  6052 | D:7      | XOM: blink monster(s)
  6233 | D:7      | XOM: confuse monster(s)
  6363 | D:7      | Reached XP level 10. HP: 41/48 MP: 26/26
  6457 | D:7      | Reached skill level 10 in Hexes
  6612 | D:8      | Found Jaifoleamm's Gadget Shoppe.
  6640 | D:8      | XOM: divination: detect creatures
  6696 | D:8      | XOM: harmless Tloc miscast
  6703 | D:8      | Found Keoqef's Weapon Shop.
  6773 | D:8      | Found a sacrificial altar of Ru.
  6776 | D:8      | Found a shadowy altar of Dithmenos.
  6838 | D:8      | XOM: summons 2 friendly demons
  6890 | D:8      | Found Ypseufebb's Distillery.
  6929 | D:8      | Bought a potion of agility for 48 gold pieces
  6929 | D:8      | Bought a potion of resistance for 120 gold pieces
  6929 | D:8      | Bought a potion of curing for 36 gold pieces
  6929 | D:8      | Bought a potion of cancellation for 96 gold pieces
  6929 | D:8      | Bought a potion of might for 48 gold pieces
  6929 | D:8      | Bought a potion of invisibility for 96 gold pieces
  6929 | D:8      | Bought a potion of mutation for 30 gold pieces
  6951 | D:8      | XOM: polymorph howler monkey -> gnoll
  7051 | D:8      | Found a snail-covered altar of Cheibriados.
  7064 | D:8      | Found Yngysati's Food Emporium.
  7074 | D:8      | XOM: summons 5 hostile demons
  7151 | D:8      | XOM: mild Divn miscast
  7178 | D:8      | Found Raeggid's Weapon Shop.
  7260 | D:8      | XOM: summons 1 hostile shadow creature
  7520 | D:9      | XOM: fog
  7530 | D:9      | Reached skill level 10 in Stealth
  7692 | D:9      | Found Loman's Book Shoppe.
  7828 | D:9      | XOM: noise
  7942 | D:9      | XOM: mild Ice miscast
  8085 | D:9      | XOM: mild Hex miscast
  8096 | D:9      | XOM: medium Hex miscast
  8155 | D:9      | Found a staircase to the Orcish Mines.
  8162 | D:9      | XOM: summons 4 hostile shadow creatures
  8171 | D:9      | XOM: smoke on damage
  8178 | D:9      | XOM: cast spell 'Summon Butterflies'
  8191 | D:9      | XOM: smoke on damage
  8338 | D:10     | Entered Level 10 of the Dungeon
  8437 | D:10     | Found a staircase to the Lair.
  8438 | D:10     | Noticed a hill giant
  8439 | D:10     | Noticed a death yak
  8441 | D:10     | XOM: summons friendly ufetubus
  8449 | D:10     | XOM: divination: magic mapping
  8461 | D:10     | XOM: harmless Conj miscast
  8462 | D:10     | XOM: cast spell 'Olgreb's Toxic Radiance'
  8481 | D:10     | XOM: potion effect (haste)
  8498 | D:10     | Killed a hill giant
  8500 | D:10     | XOM: cast spell 'Olgreb's Toxic Radiance'
  8514 | D:10     | XOM: potion effect (agility)
  8523 | D:10     | XOM: potion effect (invisibility)
  8526 | D:10     | Killed a death yak
  8526 | D:10     | Reached skill level 10 in Spellcasting
  8526 | D:10     | Reached skill level 11 in Hexes
  8651 | D:10     | Found a portal to a secret trove of treasure.
  8691 | D:10     | XOM: harmless Chrm miscast
  8873 | D:10     | XOM: torment (25/48 hp)
  8884 | D:10     | XOM: mild Air miscast
  8887 | D:10     | XOM: divine lightning (protected)
  8888 | D:10     | XOM: confusion
  8889 | D:10     | XOM: 2-stop teleportation journey
  9049 | D:10     | XOM: smoke on damage
  9050 | D:10     | XOM: butterfly on damage
  9050 | D:10     | HP: 2/48 [electric eel/bolt of electricity (8)]
  9053 | D:10     | Killed from afar by an electric eel

Skill      XL: |  1  2  3  4  5  6  7  8  9 10 |
---------------+-------------------------------+-----
Spellcasting   | 3 4 5 6 7 9 10 | 10.0
Hexes          | 4 5 6 7 8 9 11 | 11.2
Stealth        | 5 6 7 8 9 10 | 10.7
Dodging        | 4 5 6 7 8 9 |  9.5
Short Blades   | 2 3 4 5 6 |  6.9
Ice Magic      | 1 3 |  3.1

Action                   |  1- 3 |  4- 6 |  7- 9 | 10-12 || total
-------------------------+-------+-------+-------+-------++-------
Melee: Dagger            |   228 |   147 |   354 |   217 ||   946
 Cast: Corona            |     4 |       |       |       ||     4
       Ensorcelled Hiber |     5 |    14 |    78 |    59 ||   156
       Confuse           |       |     3 |    27 |    66 ||    96
       Dazzling Spray    |       |       |     3 |     1 ||     4
  Use: Potion            |       |       |       |     1 ||     1
 Stab: Sleeping          |    11 |    14 |    59 |    51 ||   135
       Confused          |       |     6 |    25 |    23 ||    54
       Invisible         |       |       |     1 |       ||     1
  Eat: Fruit             |       |       |     2 |       ||     2
       Bread ration      |       |       |     1 |       ||     1
Armor: Robe              |    40 |    17 |    36 |    20 ||   113
Dodge: Dodged            |   169 |   128 |   304 |   165 ||   766
